 Dungeon Crawl Stone Soup version 0.31-a0-799-g6bc09d010c (webtiles) character file.

Game seed: 14783685810278286393

110 Shayle the Trooper (level 4, 0/45 HPs)
             Began as an Ogre Hexslinger on Sept 20, 2023.
             Succumbed to a water moccasin's poison
             ... on level 4 of the Dungeon.
             The game lasted 00:06:05 (2159 turns).

Shayle the Trooper (Ogre Hexslinger)                Turns: 2159, Time: 00:06:05

Health: 0/45       AC:  4    Str: 11 (12) XL:     4   Next: 91%
Magic:  7/7        EV: 10    Int: 20 (22) God:
Gold:   163        SH:  0    Dex:  9 (11) Spells: 8/8 levels left

rFire   . . .        a - +2 sling
rCold   . . .        (no shield)
rNeg    . . .        c - +1 robe
rPois   .            (helmet restricted)
rElec   .            (no cloak)
rCorr   .            (gloves unavailable)
SInv    .            (boots unavailable)
Will    .....        (no amulet)
Stlth   +            d - +6 ring of intelligence
HPRegen 0.27/turn    (no ring)
MPRegen 0.10/turn

%: no passive effects
@: lethally poisoned (0 -> -18)
A: large, unfitting armour, tough skin 1
a: no special abilities


You were on level 4 of the Dungeon.
You visited 1 branch of the dungeon, and saw 4 of its levels.
You also visited: Sewer.

You collected 163 gold pieces.

Inventory:

Hand Weapons
 a - a +2 sling (weapon)
Armour
 c - a +1 robe (worn)
Jewellery
 d - a +6 ring of intelligence (left hand)
 i - a +5 ring of evasion
 m - a ring of protection from fire
 p - the ring "Syosypis" {rF+ Str+6 Slay+2}
   (You found it on level 4 of the Dungeon)

   [ring of strength]

   Str+6:     It affects your strength (+6).
   Slay+2:    It affects your accuracy & damage with ranged weapons and melee
   (+2).
   rF+:       It protects you from fire.
Scrolls
 e - a scroll of fog {unknown}
 f - a scroll of revelation {unknown}
 g - a scroll of teleportation {unknown}
 k - a scroll of summoning {unknown}
 o - a scroll of acquirement {unknown}
Potions
 h - a potion of haste {unknown}
 j - a potion of invisibility {unknown}
 n - a potion of mutation {unknown}


   Skills:
 + Level 3.1 Fighting
 - Level 1.3 Ranged Weapons
 + Level 2.7 Dodging
 + Level 2.6 Spellcasting
 - Level 2.6 Hexes
 + Level 2.0 Fire Magic


You had 8 spell levels left.
You didn't know any spells.
Your spell library contained the following spells:

 Spells                   Type           Power      Damage    Failure   Level
 Jinxbite                 Hex            26%        N/A       8%          2
 Sigil of Binding         Hex            13%        N/A       14%         3
 Inner Flame              Hex/Fire       12%        N/A       17%         3
 Blink                    Tloc           4%         N/A       22%         2
 Lesser Beckoning         Tloc           4%         N/A       22%         2
 Momentum Strike          Conj/Tloc      4%         3d8       22%         2
 Ozocubu's Armour         Ice            2%         N/A       41%         3
 Cause Fear               Hex            6%         N/A       43%         4
 Dimensional Bullseye     Hex/Tloc       4%         N/A       63%         4
 Animate Dead             Necr           2%         N/A       83%         4
 Borgnjor's Vile Clutch   Necr/Erth      1%         N/A       99%         5
 Death Channel            Necr           1%         N/A       100%        6
 Ozocubu's Refrigeration  Ice            1%         4d7       100%        7


Dungeon Overview and Level Annotations

Branches:
Dungeon (4/15)              Sewer (visited)
 Temple: D:4-7

Altars:


Innate Abilities, Weirdness & Mutations

You are too large for most types of armour.
You have tough skin. (AC +1)


Message History

The water moccasin is severely wounded.
You feel very sick. The water moccasin bites you!
You are lethally poisoned!
The water moccasin poisons you!
The water moccasin bites you but does no damage.
You feel better. The water moccasin closely misses you.
You are too injured to fight recklessly!
You shoot a sling bullet.
The sling bullet hits the water moccasin.
The water moccasin is severely wounded.
The water moccasin completely misses you.
The water moccasin closely misses you.
You shoot a sling bullet.
The sling bullet barely misses the water moccasin.
The water moccasin bites you. The water moccasin bites you!
* * * LOW HITPOINT WARNING * * *
You shoot a sling bullet.
The sling bullet hits the water moccasin.
The water moccasin is almost dead.
The water moccasin barely misses you. The water moccasin bites you.
* * * LOW HITPOINT WARNING * * *
You shoot a sling bullet.
The sling bullet completely misses the water moccasin.
The water moccasin bites you but does no damage.
The water moccasin completely misses you.
You shoot a sling bullet.
The sling bullet misses the water moccasin.
The water moccasin bites you.
* * * LOW HITPOINT WARNING * * *
The water moccasin bites you.
* * * LOW HITPOINT WARNING * * *
You feel better. The water moccasin bites you!
* * * LOW HITPOINT WARNING * * *
You are lethally poisoned!
The water moccasin poisons you!
It was a potion of degeneration.
There was something very wrong with that liquid.
You feel weakened.
You feel dopey.
You feel clumsy.
You die...

......
#.##.#
#.##.#
#.##.#
#.##.#
#.##.#
#S##.#
#@##.#####
#........#
#######..#
#. #..# #.
#..########.
#...........
#..########.
#...........
#.#########.


You could see a water moccasin.

Vanquished Creatures
  An iguana (D:3)
  An adder (D:2)
  A worm (D:2)
  A dart slug (D:1)
  3 orcs (D:2)
  5 ball pythons
  8 endoplasms
  3 giant cockroaches
  3 goblins (D:1)
  4 hobgoblins
  4 jackals (D:2)
  6 kobolds
  5 quokkas
  5 bats
  6 frilled lizards
  4 rats
60 creatures vanquished.

Notes
Turn   | Place    | Note
-------+----------+-------------------------------------------
     0 | D:1      | Shayle the Ogre Hexslinger began the quest for the Orb.
     0 | D:1      | Reached XP level 1. HP: 19/19 MP: 2/2
    56 | D:1      | Reached skill level 1 in Fire Magic
    72 | D:1      | Found a faded altar of an unknown god.
   101 | D:1      | Reached XP level 2. HP: 28/28 MP: 2/4
   257 | D:1      | Reached skill level 2 in Fighting
   490 | D:1      | Reached XP level 3. HP: 35/35 MP: 5/5
   912 | D:2      | Reached XP level 4. HP: 44/44 MP: 7/7
  1416 | D:3      | Reached skill level 3 in Fighting
  1499 | D:3      | Found a glowing drain.
  1541 | Sewer    | Entered a sewer
  1569 | Sewer    | Noticed Pargi
  2119 | D:4      | Identified the ring "Syosypis" {rF+ Str+6 Slay+2}
  2142 | D:4      | Noticed a water moccasin
  2157 | D:4      | HP: 1/45 [water moccasin (2)]
  2159 | D:4      | Succumbed to a water moccasin's poison

Illustrated notes

Levels and vault maps discovered:
D:1:      minmay_arrival_radiant_lines, layout_basic,
          dreamdust_ecumenical_altar_grove, minmay_misc_feat_four_crosses,
          minmay_tetromino_o2
D:2:      layout_rooms
D:3:      layout_loops_ring, portal_sewer_entry_f
D:4:      wad_crossroads, layout_loops_ring, minitemple, uniq_sigmund

Skill      XL: |  1  2  3  4 |
---------------+-------------+-----
Fire Magic     | 1 2 |  2.0
Dodging        | 2 |  2.7
Fighting       | 2 3 |  3.1
Spellcasting   | 2 |  2.6
Ranged Weapons | |  1.3
Hexes          | |  2.6

Action                     |  1- 3 |  4- 6 || total
---------------------------+-------+-------++-------
   Fire: Sling             |   124 |   109 ||   233
    Use: Scroll            |       |     8 ||     8
         Potion            |       |     5 ||     5
 Armour: Robe              |    41 |    81 ||   122
  Dodge: Dodged            |    48 |    70 ||   118

Table legend: (Time is in decaauts)
 A = Elapsed time spent in this place.
 B = Non-inter-level travel time spent in this place.
 C = Inter-level travel time spent in this place.
 D = Time resting spent in this place.
 E = Time spent auto-exploring this place.
 F = Levels seen in this place.
 G = Mean time per level.
                   A        B        C        D        E       F      G
               +--------+--------+--------+--------+--------+-----+--------+
         Total |   2236 |   2187 |     49 |     96 |   1398 |   5 |  447.2 |
       Dungeon |   2102 |   2053 |     49 |     54 |   1388 |   4 |  525.5 |
         Sewer |    133 |    133 |      0 |     42 |     10 |   1 |  133.0 |
               +--------+--------+--------+--------+--------+-----+--------+

Top non-repeatable levels by time:
     D:3: 751 daAuts
     D:1: 729 daAuts
     D:2: 543 daAuts
   Sewer: 133 daAuts
     D:4: 78 daAuts
